 Seeded DCSS version 0.31-a0-196-g86fe4a5e66 (webtiles) character file.

Game seed: 11675102324532518072 (custom seed)

16 OTABOTABOTAB the Conjurer (level 2, 16/16 HPs)
             Began as a Deep Elf Conjurer on June 24, 2023.
             Quit the game on level 1 of the Dungeon on June 25, 2023.
             The game lasted 00:01:50 (900 turns).

OTABOTABOTAB the Conjurer (Deep Elf Conjurer)        Turns: 900, Time: 00:01:51

Health: 16/16      AC:  2    Str:  4    XL:     2   Next: 41%
Magic:  8/8        EV: 12    Int: 22    God:
Gold:   45         SH:  0    Dex: 13    Spells: 4/7 levels left

rFire   . . .        b - +0 whip (flame)
rCold   . . .        (no shield)
rNeg    . . .        a - +0 robe
rPois   .            (no helmet)
rElec   .            (no cloak)
rCorr   .            (no gloves)
SInv    .            (no boots)
Will    .....        (no amulet)
Stlth   ++           (no ring)
HPRegen 0.22/turn    (no ring)
MPRegen 0.11/turn

%: no passive effects
@: no status effects
A: no striking features
a: no special abilities


You were on level 1 of the Dungeon.
You visited 1 branch of the dungeon, and saw 1 of its levels.

You collected 45 gold pieces.

Inventory:

Hand Weapons
 b - a +0 whip of flaming (weapon)
   (You found it on level 1 of the Dungeon)
Missiles
 e - 4 poisoned darts
 s - 8 stones
Armour
 a - a +0 robe (worn)
Scrolls
 f - a scroll of brand weapon {unknown}
 g - 2 scrolls of revelation
 D - 3 scrolls of blinking {!r}
Potions
 d - a potion of attraction {unknown}
 J - 3 potions of curing {@q1}
 M - a potion of magic


   Skills:
 + Level 0.8 Fighting
 - Level 2.4 Dodging
 - Level 2.4 Stealth
 + Level 3.4 Spellcasting
 + Level 4.6 Conjurations


You had 4 spell levels left.
You knew the following spells:

 Your Spells              Type           Power      Damage    Failure   Level
a - Magic Dart            Conj           96%        1d7       1%          1
b - Searing Ray           Conj           48%        2d6       2%          2

Your spell library contained the following spells:

 Spells                   Type           Power      Damage    Failure   Level
 Dazzling Flash           Conj/Hex       28%        N/A       14%         3
 Call Canine Familiar     Summ           3%         N/A       34%         3
 Portal Projectile        Hex/Tloc       6%         N/A       34%         3
 Fulminant Prism          Conj/Hex       7%         3d7       41%         4
 Iskenderun's Mystic Bla  Conj/Tloc      14%        2d5       41%         4
 Leda's Liquefaction      Hex/Erth       1%         N/A       75%         4


Dungeon Overview and Level Annotations

Branches:
Dungeon (1/15)

Altars:


Message History

MP restored: 8 A kobold is nearby!
The magic dart hits the kobold.
You now have 7/8 mp.
The magic dart hits the kobold but does no damage.
You now have 6/8 mp.
The magic dart hits the kobold but does no damage.
You now have 5/8 mp.
A kobold is nearby!
The magic dart hits the kobold.
You kill the kobold!
You now have 4/8 mp.
No target in view!
No target in view!
Unknown command.
You see here a +0 sling.
Things that are here:
a +0 short sword; a kobold corpse
g - 3 scrolls labelled SIYGEUKIYT MP restored: 8 No target in view!
An endoplasm comes into view.
An endoplasm is nearby!
The magic dart hits the endoplasm.
The endoplasm quivers.
You now have 7/8 mp.
The magic dart hits the endoplasm.
You now have 6/8 mp.
The magic dart hits the endoplasm.
You now have 5/8 mp.
An endoplasm is nearby!
Press: ? - help, Q - select action, (/) - cycle Shift-Dir - straight line, f/p - endoplasm
Aim: an endoplasm (heavily wounded, 100% to hit)
The magic dart hits the endoplasm.
The endoplasm closely misses you.
You now have 4/8 mp.
Press: ? - help, Q - select action, (/) - cycle Shift-Dir - straight line, f/p - endoplasm
Aim: an endoplasm (severely wounded, 100% to hit)
The magic dart hits the endoplasm.
You kill the endoplasm!
You now have 3/8 mp.
Memorise Searing Ray, consuming 2 spell levels and leaving 4?
You start memorising the spell.
You continue memorising. x2
You finish memorising.
Spell assigned to 'b'.
A rat comes into view.
MP restored: 8 The magic dart hits the rat.
You kill the rat!
You now have 7/8 mp.
No target in view!
You see here a +0 club.
A quokka comes into view.
MP restored: 8 The magic dart hits the quokka but does no damage.
The quokka twitches its whiskers.
You now have 7/8 mp.
The magic dart hits the quokka.
You now have 6/8 mp.
You barely miss the quokka. The quokka closely misses you. x2
A quokka is nearby!
You barely miss the quokka. The quokka bites you.
You take 1 damage, and have 15/16 hp.
Unknown command.
Press: ? - help, Shift-Dir - straight line, f/p - quokka
Aim: a quokka (heavily wounded, 71% to hit)
The searing ray misses the quokka. (Press . to maintain the ray.)
The quokka closely misses you.
You now have 4/8 mp.
The searing ray hits the quokka!
You kill the quokka!
You now have 3/8 mp.
Health restored: 16 You now have 2/8 mp.
Unknown command.
You see here a quokka corpse.
A ball python comes into view.
MP restored: 8 A ball python is nearby!
The magic dart hits the ball python.
You now have 7/8 mp.
The magic dart hits the ball python.
You kill the ball python!
You now have 6/8 mp.
No target in view!
Done exploring.
MP restored: 8 Done exploring.
Done exploring.
Done exploring.
As you read the scroll of identify {@r1}, it crumbles to dust.
g - 3 scrolls of revelation
As you read the scroll of revelation, it crumbles to dust.
You feel momentarily disoriented.
Done exploring.
Unknown command.
Done exploring.
Bad channel name 'Jiyva says' for runrest: 'Jiyva says: Divide and consume' Welcome back, OTABOTABOTAB the Deep Elf Conjurer.
Game seed: 11675102324532518072 (custom seed)

......###########.#.###.#
.###### ########...###.#
## ##########.###.# #
#########......# #
#########.##.#.# #
#########.##.#.# #
#########.##.#.# #
#########.##.#.# #
#......@..##.#.# #
#########.##.#.# #
#########.#....## #
#########...#...# #
#########.......# #
#########.##.#### #
#########....## #
#########..#.### #
#######.#8.#........#


There were no monsters in sight!

Vanquished Creatures
  A ball python (D:1)
  An endoplasm (D:1)
  2 giant cockroaches (D:1)
  A goblin (D:1)
  3 hobgoblins (D:1)
  A quokka (D:1)
  3 frilled lizards (D:1)
  A kobold (D:1)
  2 rats (D:1)
15 creatures vanquished.

Notes
Turn   | Place    | Note
-------+----------+-------------------------------------------
     0 | D:1      | OTABOTABOTAB the Deep Elf Conjurer began the quest for the
                  | Orb.
     0 | D:1      | Reached XP level 1. HP: 10/10 MP: 6/6
   276 | D:1      | Reached XP level 2. HP: 16/16 MP: 5/8
   640 | D:1      | Learned a level 2 spell: Searing Ray
   900 | D:1      | Upgraded the game from 0.31-a0-188-g5e087ee2ca to
                  | 0.31-a0-196-g86fe4a5e66
   900 | D:1      | Quit the game

Illustrated notes

Levels and vault maps discovered:
D:1:      elethiomel_arrival_quiet, layout_loops_ring

Action                     || total
---------------------------++-------
  Melee: Whip              ||     3
   Cast: Magic Dart        ||    31
         Searing Ray       ||     1
    Use: Scroll            ||     6
  Dodge: Dodged            ||     4

Table legend: (Time is in decaauts)
 A = Elapsed time spent in this place.
 B = Non-inter-level travel time spent in this place.
 C = Inter-level travel time spent in this place.
 D = Time resting spent in this place.
 E = Time spent auto-exploring this place.
 F = Levels seen in this place.
 G = Mean time per level.
                   A        B        C        D        E       F      G
               +--------+--------+--------+--------+--------+-----+--------+
         Total |    899 |    899 |      0 |     16 |    795 |   1 |  899.0 |
       Dungeon |    899 |    899 |      0 |     16 |    795 |   1 |  899.0 |
               +--------+--------+--------+--------+--------+-----+--------+

Top non-repeatable levels by time:
     D:1: 899 daAuts

Levels and vault maps discovered:
D:1:      elethiomel_arrival_quiet, layout_loops_ring

Table legend: (Time is in decaauts)
 A = Elapsed time spent in this place.
 B = Non-inter-level travel time spent in this place.
 C = Inter-level travel time spent in this place.
 D = Time resting spent in this place.
 E = Time spent auto-exploring this place.
 F = Levels seen in this place.
 G = Mean time per level.
                   A        B        C        D        E       F      G
               +--------+--------+--------+--------+--------+-----+--------+
         Total |    899 |    899 |      0 |     16 |    795 |   1 |  899.0 |
       Dungeon |    899 |    899 |      0 |     16 |    795 |   1 |  899.0 |
               +--------+--------+--------+--------+--------+-----+--------+

Top non-repeatable levels by time:
     D:1: 899 daAuts

Table legend:
 A = Kills in this place as a percentage of kills in the entire game.
 B = Kills by you in this place as a percentage of kills by you in the entire game.
 C = Kills by friends in this place as a percentage of kills by friends in the entire game.
 D = Other kills in this place as a percentage of other kills in the entire game.
 E = Experience gained in this place as a percentage of experience gained in the entire game.
 F = Experience gained in this place divided by the number of levels of this place that you have seen.
                   A       B       C       D       E      F
               +-------+-------+-------+-------+-------+----------------------
         Total | 100.0 | 100.0 |   N/A |   N/A | 100.0 |  24.0
       Dungeon | 100.0 | 100.0 |   N/A |   N/A | 100.0 |  24.0
               +-------+-------+-------+-------+-------+----------------------
